 Dungeon Crawl Stone Soup version 0.28.0 (webtiles) character file.

Game seed: 12724879327006343195

30 Prodoman the Magician (level 3, -1/24 HPs)
             Began as a Demonspawn Hedge Wizard on Feb 4, 2022.
             Slain by an ogre (19 damage)
             ... on level 1 of the Dungeon.
             The game lasted 00:05:26 (1714 turns).

Prodoman the Magician (Demonspawn Hedge Wizard)     Turns: 1714, Time: 00:05:26

Health: -1/24      AC:  7    Str: 10    XL:     3   Next: 5%
Magic:  2/7        EV: 12    Int: 17    God:
Gold:   19         SH:  4    Dex: 12    Spells: 4/8 levels left

rFire   . . .      SeeInvis .   a - +0 dagger
rCold   . . .      Faith    .   (no shield)
rNeg    . . .      Spirit   .   b - +0 robe
rPois   .          Reflect  .   c - +0 hat
rElec   .          Harm     .   (no cloak)
rCorr   .          Rampage  .   (no gloves)
Will    .....                   (no boots)
Stlth   ++........              (no amulet)
HPRegen 0.08/turn               h - ring of flight
MPRegen 0.10/turn               j - +4 ring of protection

@: flying
A: sharp scales 1, condensation shield
a: no special abilities


You were on level 1 of the Dungeon.
You visited 1 branch of the dungeon, and saw 2 of its levels.

You collected 86 gold pieces.
You spent 67 gold pieces at shops.

Inventory:

Hand Weapons
 a - a +0 dagger (weapon)
Armour
 b - a +0 robe (worn)
 c - a +0 hat (worn)
Jewellery
 h - a ring of flight (left hand)
 j - a +4 ring of protection (right hand)
Scrolls
 d - a scroll of immolation {unknown}
 e - a scroll of enchant weapon {unknown}
 g - a scroll of magic mapping {unknown}
 l - a scroll of fear {unknown}
Potions
 f - 2 potions of cancellation {unknown}
 i - 3 potions of might {unknown}
 k - a potion of heal wounds {unknown}


   Skills:
 + Level 2.1 Dodging
 - Level 2.0 Stealth
 * Level 3.2 Spellcasting
 + Level 1.5 Conjurations
 + Level 0.4 Hexes
 + Level 1.3 Summonings
 - Level 1.0 Translocations


You had 4 spell levels left.
You knew the following spells:

 Your Spells              Type           Power      Damage    Failure   Level
a - Magic Dart            Conj           32%        1d4       9%          1
b - Call Imp              Summ           7%         N/A       14%         2
c - Slow                  Hex            16%        N/A       14%         1

Your spell library contained the following spells:

 Spells                   Type           Power      Damage    Failure   Level
 Blink                    Tloc           12%        N/A       17%         2
 Sublimation of Blood     Necr           2%         N/A       26%         2
 Wereblood                Tmut           2%         N/A       26%         2
 Conjure Flame            Conj/Fire      5%         6-21      36%         3
 Mephitic Cloud           Conj/Pois/Air  4%         N/A       38%         3
 Summon Hydra             Summ           3%         N/A       100%        7


Dungeon Overview and Level Annotations

Branches:
Dungeon (2/15)

Altars:

Shops:
D:2 *


Innate Abilities, Weirdness & Mutations

You are partially covered in razor-sharp scales. (AC +1, Slay +1)
A meltable shield of frost defends you. (SH +4)


Message History

The ogre resists with some effort.
The ogre hits you with a +0 giant spiked club.
Casting: Slow (safe; 14% risk of failure)
Confirm with . or Enter, or press ? or * to list all spells.
Aiming: Slow (safe; 14% risk of failure)
Press: ? - help, Shift-Dir - straight line, f/p - ogre
Aim: an ogre, wielding a +0 giant spiked club (heavily wounded, chance to affect: 39%)
The ogre resists with some effort.
The ogre misses you.
You see here a +0 dagger.
Casting: Slow (safe; 14% risk of failure)
Confirm with . or Enter, or press ? or * to list all spells.
Aiming: Slow (safe; 14% risk of failure)
Press: ? - help, Shift-Dir - straight line, f/p - ogre
Aim: an ogre, wielding a +0 giant spiked club (heavily wounded, chance to affect: 39%)
The ogre seems to slow down.
An adder comes into view.
The adder hisses angrily.
The rat twitches its whiskers.
Casting: Slow (safe; 14% risk of failure)
Confirm with . or Enter, or press ? or * to list all spells.
Aiming: Slow (safe; 14% risk of failure)
Press: ? - help, Shift-Dir - straight line, f/p - ogre
Aim: an ogre, wielding a +0 giant spiked club (heavily wounded, chance to affect: 39%)
The ogre seems to slow down.
The ogre is no longer moving slowly.
The adder bites you but does no damage.
There is a stone staircase leading down here.
You block the adder's attack. The ogre barely misses you.
The adder barely misses you. The rat barely misses you.
There is a stone staircase leading up here.
The adder bites you but does no damage. You block the ogre's attack.
You block the rat's attack. The adder bites you.
You fly upwards.
There is a stone staircase leading down here.
The rat bites you but does no damage. The adder barely misses you.
The ogre hits you with a +0 giant spiked club!!
Ouch! That really hurt!
You die...

#####...###.......##.#
####.##.....##..#.#..##.#
###...#.##...###..#.#..##.#
##...##.####.####..#.......#
#.....#............###..####
#.....######.####.#.........
#.....# ##'## #.#.##..###.
##...## ##S..###.#.##..###.
####.## ##.@...##.........#.
#....#####.Or....###.##.##.#.
#.#...............##.#.....#.
#####.#...............'..)....##.
#.....#...............##.........
#'###.########.......######..####
...##.##.## ##.....## ##.#
....#.##..## ##...## #.#
#.#.#.##...# ##'## #.#


You could see an ogre, an adder and a rat.

Vanquished Creatures
  An endoplasm (D:1)
  2 giant cockroaches
  3 goblins (D:1)
  A hobgoblin (D:2)
  2 quokkas (D:1)
  5 ball pythons
  4 bats
  3 frilled lizards
  3 kobolds
  A rat (D:2)
25 creatures vanquished.

Vanquished Creatures (collateral kills)
  A dart slug (D:1)
  A ball python (D:1)
  A bat (D:1)
3 creatures vanquished.

Grand Total: 28 creatures vanquished

Notes
Turn   | Place    | Note
-------+----------+-------------------------------------------
     0 | D:1      | Prodoman the Demonspawn Hedge Wizard began the quest for
                  | the Orb.
     0 | D:1      | Reached XP level 1. HP: 13/13 MP: 4/4
   164 | D:1      | Reached skill level 1 in Translocations
   403 | D:1      | Gained mutation: A meltable shield of frost defends you.
                  | (SH +4) [demonic ancestry]
   403 | D:1      | Reached XP level 2. HP: 19/19 MP: 3/6
   408 | D:1      | Learned a level 2 spell: Call Imp
   412 | D:1      | Learned a level 1 spell: Slow
  1381 | D:2      | Found Luchaopp's Assorted Antiques.
  1418 | D:2      | Bought 2 golden potions for 45 gold pieces
  1418 | D:2      | Bought a lumpy dark potion for 22 gold pieces
  1473 | D:2      | Gained mutation: You are partially covered in razor-sharp
                  | scales. (AC +1, Slay +1) [demonic ancestry]
  1473 | D:2      | Reached XP level 3. HP: 24/24 MP: 2/7
  1661 | D:2      | Noticed an ogre
  1714 | D:1      | Slain by an ogre

Illustrated notes

Levels and vault maps discovered:
D:1:      dpeg_arrival_renting, layout_loops_corners
D:2:      minmay_angry_zag, layout_basic, serial_shops,
          nicolae_shop_window_shopping, chequers_ecumenical_altar_simple,
          hex_intersection

Skill      XL: |  1  2 |
---------------+-------+-----
Translocations | 1 |  1.0
Dodging        | 2 |  2.1
Stealth        | 2 |  2.0
Spellcasting   | |  3.2
Conjurations   | |  1.5
Hexes          | |  0.4
Summonings     | |  1.3

Action                   || total
-------------------------++-------
Melee: Dagger            ||    20
 Cast: Magic Dart        ||    57
       Call Imp          ||     4
       Slow              ||     6
Armor: Robe              ||    17
Dodge: Dodged            ||    21
Block: Other             ||    10
